 Dungeon Crawl Stone Soup version 0.32-a0-918-g0f22ef8d61 (webtiles) character file.

Game seed: 3765403225609054999

52283 ragingrage the Protected (level 14, -7/113 HPs)
             Began as an Armataur Air Elementalist on Apr 12, 2024.
             Was an Elder of Sif Muna.
             Shot with a bolt by an orc warrior (19 damage)
             ... led by an orc warlord
             ... on level 1 of the Orcish Mines.
             The game lasted 00:35:52 (35189 turns).

ragingrage the Protected (AtAE)                    Turns: 35189, Time: 00:35:53

Health: -7/113     AC: 13    Str: 13    XL:     14   Next: 26%
Magic:  14/33      EV:  7    Int: 28    God:    Sif Muna [****..]
Gold:   1706       SH:  9    Dex: 10    Spells: 11/26 levels left

rFire   . . .        b - staff of conjuration
rCold   . . .        K - +0 buckler
rNeg    . . .        p - +4 ring mail "Toefap" {Will+}
rPois   .            (no helmet)
rElec   .            S - scarf {+Inv}
rCorr   .            y - +0 pair of gloves
SInv    .            (no barding)
Will    ++...        N - amulet of reflection
Stlth   +            o - +6 ring of intelligence
HPRegen 0.38/turn    D - ring of magical power
MPRegen 0.23/turn

%: reflection, roll
@: very slightly contaminated
A: large, deformed body, tough skin 3, armoured tail, rollpage 2
a: Renounce Religion, Evoke Invisibility, Channel Magic, Forget Spell, Divine
Exegesis


You were on level 1 of the Orcish Mines.
You worshipped Sif Muna.
Sif Muna was greatly pleased with you.
You visited 3 branches of the dungeon, and saw 19 of its levels.
You also visited: Sewer.

You collected 1706 gold pieces.

Inventory:

Hand Weapons
 M - a +1 dagger of electrocution
Missiles
 g - 3 atropa-tipped darts
 k - 30 poisoned darts
 U - a curare-tipped dart
Armour
 p - the +4 ring mail "Toefap" (worn) {Will+}
   (You found it on level 3 of the Dungeon)

   Will+:     It increases your willpower.
 y - a +0 pair of gloves (worn)
 E - a +0 leather armour of cold resistance
 K - a +0 buckler (worn)
 S - a scarf of invisibility (worn)
 T - a +2 ring mail of fire resistance
Magical Staves
 a - a staff of alchemy
 b - a staff of conjuration (weapon)
Jewellery
 o - a +6 ring of intelligence (left hand)
 x - a ring of willpower
 D - a ring of magical power (right hand)
 N - an amulet of reflection (around neck)
 P - a ring of ice
Wands
 r - a wand of flame (46)
 u - a wand of mindburst (18)
 F - a wand of paralysis (21)
 L - a wand of warping (6)
 Q - a wand of light (3)
 W - a wand of digging (7)
Scrolls
 c - a scroll of brand weapon {unknown}
 f - 6 scrolls of teleportation
 i - 4 scrolls of fear
 j - 5 scrolls of vulnerability
 n - 4 scrolls of amnesia
 q - 5 scrolls of blinking
 t - a scroll of enchant weapon {unknown}
 v - a scroll of torment {unknown}
 w - 2 scrolls of fog {unknown}
 z - a scroll of silence
 B - 4 scrolls of butterflies
 G - a scroll of identify
 I - 3 scrolls of immolation
 Y - 2 scrolls of revelation
 Z - a scroll of noise
Potions
 d - 4 potions of mutation {unknown}
 e - 5 potions of enlightenment
 h - 2 potions of curing
 l - 7 potions of attraction
 m - 4 potions of might
 s - 3 potions of cancellation {unknown}
 A - 2 potions of ambrosia {unknown}
 C - a potion of resistance {unknown}
 H - a potion of degeneration {unknown}
 J - a potion of heal wounds {unknown}
 O - a potion of brilliance {unknown}
 X - 2 potions of haste
Miscellaneous
 R - a tin of tremorstones (2/2)
 V - a lightning rod (4/4)


   Skills:
 - Level 7.0 Fighting
 - Level 11.0 Armour
 - Level 1.3 Dodging
 - Level 2.1 Stealth
 - Level 5.0 Shields
 + Level 6.8 Spellcasting
 + Level 10.5 Conjurations
 + Level 10.2 Air Magic
 - Level 9.5 Alchemy
 - Level 4.0 Invocations
 + Level 8.0 Evocations


You had 11 spell levels left.
You knew the following spells:

 Your Spells              Type           Power      Damage    Failure   Level
a - Shock                 Conj/Air       100%       1d9       1%          1
b - Static Discharge      Conj/Air       100%       3-8/arc   1%          2
c - Swiftness             Air            61%        N/A       1%          3
d - Airstrike             Air            30%        2d(5-21)  1%          4
e - Irradiate             Conj/Alch      39%        3d24      6%          5

Your spell library contained the following spells:

 Spells                   Type           Power      Damage    Failure   Level
 Foxfire                  Conj/Fire      100%       2x1d9     1%          1
 Kiss of Death            Conj/Necr      100%       2d13      1%          1
 Sting                    Conj/Alch      100%       1d9       1%          1
 Searing Ray              Conj           100%       2d8       1%          2
 Hailstorm                Conj/Ice       56%        3d11      4%          3
 Stone Arrow              Conj/Erth      100%       3d13      4%          3
 Freeze                   Ice            36%        1d5       14%         1
 Necrotise                Necr           36%        1d5       14%         1
 Sandblast                Erth           18%        2d7       14%         1
 Brom's Barrelling Bould  Conj/Erth      56%        2d7       16%         4
 Flame Wave               Conj/Fire      56%        2d13      16%         4
 Summon Lightning Spire   Summ/Air       38%        N/A       17%         4
 Petrify                  Alch/Erth      36%        N/A       19%         4
 Sticky Flame             Fire/Alch      36%        2d8       19%         4
 Ensorcelled Hibernation  Hex/Ice        18%        N/A       21%         2
 Sublimation of Blood     Necr           9%         N/A       21%         2
 Conjure Ball Lightning   Conj/Air       40%        3x3d13    28%         6
 Confusing Touch          Hex            9%         N/A       38%         3
 Frozen Ramparts          Ice            18%        1d3       38%         3
 Inner Flame              Hex/Fire       9%         N/A       38%         3
 Passwall                 Erth           9%         N/A       38%         3
 Summon Ice Beast         Ice/Summ       9%         N/A       38%         3
 Vampiric Draining        Necr           9%         2d6       38%         3
 Dispel Undead            Necr           9%         3d8       80%         4
 Martyr's Knell           Necr/Summ      9%         N/A       80%         4
 Curse of Agony           Necr           9%         N/A       98%         5
 Ignition                 Fire           4%         3d4       100%        8
 Chain Lightning          Conj/Air       40%        3d53      100%        9


Dungeon Overview and Level Annotations

Branches:
Dungeon (12/15)            Temple (0/1) D:4            Lair (5/5) D:11
  Snake (0/4) Lair:3        Slime (0/5) Lair:4          Orc (2/2) D:10
  Sewer (visited)
  Swamp: Lair:2-3    Shoals: Lair:2-3       Elf: Orc:2

Altars:
Ashenzari
Cheibriados
Dithmenos
Elyvilon
Fedhas
Gozag
Hepliaklqana
Nemelex Xobeh
Okawaru
Qazlal
Ru
Sif Muna
Trog
Uskayaw
Wu Jian
Xom
Zin
Beogh
Jiyva

Shops:
D:9 [

Annotations:
D:10 3 runed translucent doors, sleeves's ghost, novice TrCj
D:11 exclusion: downstairs


Innate Abilities, Weirdness & Mutations

Armour fits poorly on your strangely shaped body.
You have extremely tough skin. (AC +3)
You have a long armoured tail.
You regenerate magic and health when rolling toward enemies. (Rampage Regen)


Message History

You climb upwards.
There is a stone staircase leading down here.
Items here: )) [[ รทรท.
Aiming: Airstrike (mildly dangerous; 1% risk of failure)
Press: ? - help, Q - select action, (/) - cycle Dir - move target, f - orc warrior
Aim: an orc warrior, wielding a +0 war axe and wearing a +0 plate armour (empty space bonus: 3/8)
Okay, then.
The orc warrior unwields a +0 war axe.
The orc warrior wields a +0 arbalest.
The orc warrior shoots a bolt.
You block the bolt with an invisible shield... and reflect it back!
The bolt hits the orc warrior!
The orc warrior shoots a bolt.
You block the bolt with an invisible shield... and reflect it back!
The bolt barely misses the orc warrior.
The orc warrior shoots a bolt.
The bolt hits you!
* * * LOW HITPOINT WARNING * * *
The orc warrior shoots a bolt.
The bolt hits you!
* * * LOW HITPOINT WARNING * * *
Aiming: Airstrike (mildly dangerous; 1% risk of failure)
Press: ? - help, Q - select action, (/) - cycle Dir - move target, f - orc warrior
Aim: an orc warrior, wielding a +0 arbalest and wearing a +0 plate armour (heavily wounded, empty space bonus: 4/8)
The air twists around and strikes the orc warrior but does no damage.
The orc warrior shoots a bolt.
You block the bolt with an invisible shield... and reflect it back!
The bolt barely misses the orc warrior.
Aiming: Airstrike (mildly dangerous; 1% risk of failure)
Press: ? - help, Q - select action, (/) - cycle Dir - move target, f/p - orc warrior
Aim: an orc warrior, wielding a +0 arbalest and wearing a +0 plate armour (heavily wounded, empty space bonus: 4/8)
The air twists around and strikes the orc warrior but does no damage.
The orc warrior shoots a bolt.
The bolt hits you!
* * * LOW HITPOINT WARNING * * *
Aiming: Airstrike (mildly dangerous; 1% risk of failure)
Press: ? - help, Q - select action, (/) - cycle Dir - move target, f/p - orc warrior
Aim: an orc warrior, wielding a +0 arbalest and wearing a +0 plate armour (heavily wounded, empty space bonus: 4/8)
The air twists around and strikes the orc warrior!
The orc warrior shoots a bolt.
You block the bolt with an invisible shield... and reflect it back!
The bolt hits the orc warrior but does no damage.
You feel better.
The orc warrior shoots a bolt.
The bolt hits you!!
You die...

#.....##.........# #..
##....##.......#####..
##....###.#....# #....
###......#.#....####....
##...........#..##.......
##.....#.....###.###...##.
#......###.....####..#####
##....[)#......# #...###.
####.)..@....## ##...##.
#.......#### ###...#.
##......# ##.......
##.#...# #......#. ####[##
##.....## #>o[# #....##.
### ##[## ##...#### ##.##
##[## ###.....### ##...##
##.#.## ###..#.....#.


You could see an orc warrior.

Vanquished Creatures
  An orc warlord (Orc:1)
  3 hydras
  4 catoblepae (Lair:5)
  A centaur warrior (D:10)
  3 two-headed ogres
  A boulder beetle (D:12)
  14 death yaks
  2 skysharks
  A bog body (Lair:3)
  An orc knight (Orc:1)
  2 manticores (Lair:5)
  A salamander (Lair:3)
  A cyclops (D:12)
  9 black mambas
  3 kobold blastminers (Orc:1)
  8 cane toads
  6 rime drakes
  A torpor snail (Lair:3)
  A gargoyle (D:10)
  7 komodo dragons
  3 trolls
  2 polar bears
  A hornet (D:11)
  26 blink frogs
  5 slime creatures
  A vampire (D:11)
  31 yaks
  3 wyverns (Lair:2)
  3 wraiths
  3 shadows
  4 basilisks
  2 steam dragons
  A warg (Orc:1)
  Menkaure (D:5)
  3 vampire mosquitoes
  2 nagas (Lair:3)
  Duvessa (D:5)
  3 acid dragons
  3 water moccasins
  10 orc warriors
  6 black bears
  2 ice beasts
  2 centaurs
  8 ogres
  19 wolves
  3 kobold brigands
  2 phantoms
  16 bullfrogs
  3 scorpions
  16 wights
  Dowan (D:5)
  A killer bee (D:10)
  4 howler monkeys
  2 bombardier beetles
  5 orc priests
  A gnoll bouda (D:9)
  3 hounds
  A jelly (D:4)
  3 iguanas
  2 sleepcaps (D:7)
  Ijyb (D:3)
  13 orc wizards
  18 gnolls
  2 river rats (Sewer)
  5 adders
  A white imp (D:8)
  2 ufetubi (D:7)
  2 ribbon worms
  A dart slug (D:3)
  45 orcs
  9 endoplasms
  2 giant cockroaches
  30 goblins
  25 hobgoblins
  A jackal (Sewer)
  7 ball pythons
  3 bats
  2 frilled lizards
  14 kobolds
  5 rats
466 creatures vanquished.

Notes
Turn   | Place    | Note
-------+----------+-------------------------------------------
     0 | D:1      | ragingrage the Armataur Air Elementalist began the quest
                  | for the Orb.
     0 | D:1      | Reached XP level 1. HP: 14/14 MP: 3/3
   775 | D:2      | Reached XP level 2. HP: 20/20 MP: 2/4
   915 | D:2      | Learned a level 2 spell: Static Discharge
  1337 | D:2      | Reached XP level 3. HP: 5/26 MP: 2/5
  1530 | D:2      | Found a glowing silver altar of Zin.
  1549 | D:1      | Reached skill level 1 in Conjurations
  1778 | D:2      | Found a faded altar of an unknown god.
  2084 | D:3      | Found a stormy altar of Qazlal.
  2158 | D:3      | Found a sparkling altar of Nemelex Xobeh.
  2277 | D:3      | Found a shimmering blue altar of Sif Muna.
  2335 | D:3      | Reached skill level 1 in Fighting
  2414 | D:3      | Became a worshipper of Sif Muna the Loreminder
  2576 | D:3      | Identified the +4 ring mail "Toefap" {Will+}
  2607 | D:3      | Found a shadowy altar of Dithmenos.
  2667 | D:3      | Reached XP level 4. HP: 35/35 MP: 0/6
  2773 | D:3      | Found a sacrificial altar of Ru.
  2893 | D:3      | Found an opulent altar of Gozag.
  3339 | D:3      | Reached XP level 5. HP: 10/40 MP: 0/7
  3352 | D:3      | Reached * piety under Sif Muna
  4789 | D:2      | Reached XP level 6. HP: 47/47 MP: 1/8
  5339 | D:4      | Reached skill level 1 in Invocations
  5802 | D:4      | Reached ** piety under Sif Muna
  5899 | D:4      | Learned a level 3 spell: Swiftness
  5929 | D:4      | Noticed Ijyb
  5952 | D:3      | Killed Ijyb
  6161 | D:4      | Gained mutation: You regenerate magic and health when
                  | rolling toward enemies. (Rampage Regen) [Armataur growth]
  6161 | D:4      | Reached XP level 7. HP: 54/56 MP: 3/10
  6341 | D:4      | Found a blossoming altar of Fedhas.
  6385 | D:4      | Found an iron altar of Okawaru.
  6445 | D:4      | Found a faded altar of an unknown god.
  6445 | D:4      | Found a hazy altar of Hepliaklqana.
  6447 | D:4      | Found a faded altar of an unknown god.
  6915 | D:3      | Learned a level 4 spell: Airstrike
  7187 | D:4      | Found a staircase to the Ecumenical Temple.
  7549 | D:5      | Entered Level 5 of the Dungeon
  7580 | D:5      | Reached skill level 5 in Air Magic
  7713 | D:5      | Noticed a +0 dagger
  7715 | D:5      | Noticed a +0 hand axe
  7718 | D:5      | Found a hide-covered altar of Uskayaw.
  7719 | D:5      | Noticed Dowan
  8402 | D:6      | Found a shimmering altar of Xom.
  8428 | D:6      | Found a glowing drain.
  8452 | Sewer    | Entered a sewer
  8646 | Sewer    | Reached skill level 1 in Armour
  8646 | Sewer    | Reached XP level 8. HP: 54/63 MP: 2/12
  8905 | Sewer    | Found a white marble altar of Elyvilon.
  9043 | D:6      | Reached skill level 2 in Armour
  9112 | D:6      | Reached skill level 3 in Armour
  9178 | D:6      | Reached skill level 4 in Armour
  9359 | D:6      | Reached *** piety under Sif Muna
  9361 | D:6      | Reached skill level 5 in Armour
  9803 | D:6      | Reached skill level 6 in Armour
  9803 | D:6      | Reached XP level 9. HP: 60/69 MP: 0/13
 10456 | D:5      | Noticed Menkaure
 10628 | D:5      | Killed Menkaure
 10831 | D:5      | Reached skill level 7 in Armour
 11100 | D:5      | Noticed Duvessa
 11143 | D:5      | Killed Duvessa
 11213 | D:5      | Killed Dowan
 12237 | D:7      | Found an ornate altar of the Wu Jian Council.
 12428 | D:7      | Reached skill level 8 in Armour
 13114 | D:8      | Found a snail-covered altar of Cheibriados.
 13137 | D:8      | Found a glowing silver altar of Zin.
 13485 | D:8      | Found a white marble altar of Elyvilon.
 13668 | D:9      | Found Xacwig's Armour Emporium.
 13843 | D:9      | Reached skill level 1 in Shields
 14143 | D:9      | Noticed a rakshasa
 14490 | D:9      | Reached XP level 10. HP: 76/79 MP: 14/14
 14685 | D:10     | Entered Level 10 of the Dungeon
 14822 | D:10     | Reached skill level 1 in Alchemy
 14825 | D:10     | Reached skill level 9 in Armour
 14841 | D:10     | Noticed a centaur warrior
 14856 | D:10     | Killed a centaur warrior
 15003 | D:10     | Found a bloodstained altar of Trog.
 15246 | D:10     | Found a staircase to the Orcish Mines.
 15249 | D:10     | Reached **** piety under Sif Muna
 15488 | D:10     | Identified the +6 chain mail of Synixt {Will- Dex+6 SInv}
 15564 | D:10     | Noticed sleeves's ghost (novice TrCj)
 15567 | D:10     | Found a runed translucent gate.
 15567 | D:10     | Found a runed translucent gate.
 15567 | D:10     | Found a runed translucent gate.
 15622 | D:10     | Noticed a gargoyle
 15648 | D:10     | Killed a gargoyle
 15649 | D:10     | Reached skill level 5 in Fighting
 16023 | D:10     | Reached skill level 5 in Conjurations
 16193 | D:10     | Noticed a two-headed ogre
 16213 | D:10     | Killed a two-headed ogre
 16788 | D:10     | Found a roughly hewn altar of Beogh.
 17301 | D:11     | Reached skill level 10 in Armour
 17301 | D:11     | Reached XP level 11. HP: 88/88 MP: 9/15
 17502 | D:11     | Noticed a two-headed ogre
 17526 | D:11     | Killed a two-headed ogre
 17656 | D:11     | Learned a level 5 spell: Irradiate
 17782 | D:11     | Found a staircase to the Lair.
 18019 | D:12     | Found an iron altar of Okawaru.
 18138 | D:12     | Noticed a boulder beetle
 18150 | D:12     | Killed a boulder beetle
 18427 | D:11     | Reached skill level 5 in Shields
 18959 | D:12     | Noticed a brown ugly thing
 19011 | Lair:1   | Entered Level 1 of the Lair of Beasts
 19477 | Lair:1   | Reached skill level 11 in Armour
 19518 | Lair:1   | Reached skill level 1 in Evocations
 19840 | Lair:1   | Reached skill level 5 in Alchemy
 20950 | Lair:1   | Reached XP level 12. HP: 96/96 MP: 1/16
 22373 | Lair:1   | Reached skill level 5 in Evocations
 22689 | Lair:2   | Found a broken altar of Ashenzari.
 23834 | Lair:2   | Reached ***** piety under Sif Muna
 25184 | Lair:3   | Found a staircase to the Snake Pit.
 25926 | Lair:4   | Noticed a death yak
 25926 | Lair:4   | Noticed a death yak
 25926 | Lair:4   | Noticed a death yak
 25943 | Lair:4   | Killed a death yak
 25943 | Lair:4   | Killed a death yak
 25944 | Lair:4   | Reached XP level 13. HP: 104/104 MP: 18/18
 28740 | Lair:4   | Reached skill level 5 in Spellcasting
 28740 | Lair:4   | Reached skill level 10 in Conjurations
 28925 | Lair:4   | Found a viscous altar of Jiyva.
 28925 | Lair:4   | Found a staircase to the Slime Pits.
 28931 | Lair:4   | Received a gift from Sif Muna
 28932 | Lair:4   | Got Sif Muna's Excursus on the Ruinous Boggart {god gift}
 29352 | Lair:5   | Entered Level 5 of the Lair of Beasts
 32456 | Lair:4   | Reached XP level 14. HP: 80/113 MP: 6/23
 33408 | Orc:1    | Entered Level 1 of the Orcish Mines
 33550 | Orc:1    | Reached skill level 10 in Air Magic
 34669 | Orc:2    | Entered Level 2 of the Orcish Mines
 34669 | Orc:2    | Noticed an orc warlord
 34869 | Orc:1    | Killed an orc warlord
 35187 | Orc:1    | HP: 1/113 [orc warrior/bolt[an orc warlord] (17)]
 35189 | Orc:1    | Shot with a bolt by an orc warrior

Illustrated notes

Levels and vault maps discovered:
D:1:      dpeg_arrival_tiny_h, layout_loops_ring
D:2:      layout_rooms, shapermc_ecumenical_altar_hornbeckon, basic_altar
D:3:      minmay_goblin_kobold_castle, layout_loops_cross,
          nicolae_overflow_crystal_walls, grunt_qazlal_sundering,
          lemuel_coloured_pillars_altar, nemelex_xobeh_ov_fountains_minmay,
          nicolae_sif_muna_little_library, lemuel_crystal_altar
D:4:      cheibrodos_helix_gallery, layout_layer_cave,
          nicolae_hepliaklqana_ecumenical_no_more,
          mainiacjoe_overflow_concentric_impassable,
          mainiacjoe_overflow_surrounded_room,
          minmay_temple_entry_gardened_gates, uniq_ijyb
D:5:      layout_basic, dancing_weapons_uskayaw, uniq_menkaure, uniq_duvessa
D:6:      layout_basic, kennysheep_mini_moat, portal_sewer_entry_d
D:7:      layout_cave_pods, lemuel_crystal_altar, serial_glass, glass_columns_c,
          glass_columns_c
D:8:      layout_cave_pools, marbit_many_paths, zin_academy,
          kennysheep_little_box
D:9:      minmay_chambers_of_sixes, layout_loops_ring, serial_shops,
          nicolae_shop_scrapyard, kennysheep_generic_room_2
D:10:     layout_basic, lemuel_crystal_altar, david_orc_3,
          biasface_ghost_orc_armoury
D:11:     layout_irregular_city, david_lair_shrubbed
D:12:     layout_irregular_city, kennysheep_okawaru_gauntlet
Lair:1:   layout_cave_pods
Lair:2:   layout_cave_shapes, basic_altar, beast_lair_carwin_5
Lair:3:   layout_chaotic_city, nicolae_swamp_entry_splash_gauntlet,
          alex1729_snake_entry_snake, cheibrodos_lair_caveside_slide
Lair:4:   layout_regular_city, minmay_slime_entry_pillars
Lair:5:   evilmike_catoblepas_cave, layout_long_grid, gauntlet_entry_generic
Orc:1:    nicolae_orc_accident_3, layout_diamond_mine
Orc:2:    st_orc_open, layout_diamond_mine

Skill      XL: |  1  2  3  4  5  6  7  8  9 10 11 12 13 14 |
---------------+-------------------------------------------+-----
Air Magic      | 3 4 5 7 8 9 10 | 10.2
Conjurations   | 1 3 4 5 7 9 10 | 10.5
Fighting       | 1 2 3 4 5 6 7 |  7.0
Invocations    | 2 3 4 |  4.0
Spellcasting   | 2 3 6 |  6.8
Armour         | 1 6 8 10 11 | 11.0
Shields        | 1 4 5 |  5.0
Alchemy        | 3 6 9 |  9.5
Evocations     | 3 5 7 8 |  8.0
Dodging        | |  1.3
Stealth        | |  2.1

Action                     |  1- 3 |  4- 6 |  7- 9 | 10-12 | 13-15 || total
---------------------------+-------+-------+-------+-------+-------++-------
  Melee: Unarmed           |     4 |       |       |       |       ||     4
         Dagger            |    10 |    18 |       |    21 |       ||    49
         Tailslap          |     1 |     1 |     1 |     2 |     8 ||    13
         Staff             |       |       |     7 |     6 |    38 ||    51
  Throw: Dart              |       |     5 |       |     7 |     4 ||    16
   Cast: Shock             |    80 |   151 |   210 |    77 |    36 ||   554
         Static Discharge  |     1 |     9 |     7 |    26 |    16 ||    59
         Airstrike         |       |       |    57 |   260 |   209 ||   526
         Swiftness         |       |       |     1 |       |       ||     1
         Irradiate         |       |       |       |     1 |    34 ||    35
 Invoke: Channel Magic     |       |       |       |     1 |     1 ||     2
  Evoke: Wand              |       |       |       |     6 |     2 ||     8
    Use: Potion            |     2 |     2 |     1 |       |     1 ||     6
         Scroll            |       |     4 |     5 |     5 |     1 ||    15
   Stab: Paralysed         |       |       |       |     3 |       ||     3
 Armour: Robe              |    29 |    78 |    27 |       |       ||   134
         Ring mail         |       |       |    84 |   186 |   213 ||   483
  Dodge: Dodged            |    14 |    21 |    34 |    59 |    56 ||   184
  Block: Buckler           |       |       |       |    86 |    92 ||   178
         Reflection        |       |       |       |     6 |    10 ||    16

Table legend: (Time is in decaauts)
 A = Elapsed time spent in this place.
 B = Non-inter-level travel time spent in this place.
 C = Inter-level travel time spent in this place.
 D = Time resting spent in this place.
 E = Time spent auto-exploring this place.
 F = Levels seen in this place.
 G = Mean time per level.
                   A        B        C        D        E       F      G
               +--------+--------+--------+--------+--------+-----+--------+
         Total |  35252 |  33340 |   1912 |  13323 |  15444 |  20 | 1762.6 |
       Dungeon |  18563 |  17321 |   1242 |   5413 |   9428 |  12 | 1546.9 |
          Lair |  14409 |  13794 |    615 |   6949 |   4953 |   5 | 2881.8 |
  Orcish Mines |   1784 |   1730 |     54 |    755 |    821 |   2 |  892.0 |
         Sewer |    495 |    495 |      0 |    206 |    242 |   1 |  495.0 |
               +--------+--------+--------+--------+--------+-----+--------+

Top non-repeatable levels by time:
  Lair:4: 3708 daAuts
     D:3: 3224 daAuts
  Lair:5: 3043 daAuts
  Lair:3: 3016 daAuts
  Lair:1: 2825 daAuts
     D:4: 2492 daAuts
    D:10: 2130 daAuts
  Lair:2: 1815 daAuts
   Orc:1: 1765 daAuts
     D:6: 1533 daAuts
     D:5: 1516 daAuts
     D:7: 1492 daAuts
    D:11: 1455 daAuts
     D:1: 1168 daAuts
     D:8: 1089 daAuts
